 Dungeon Crawl Stone Soup version 0.18.1-1-g2f07953 (webtiles) character file.

4152 tsouns the Basher (level 10, -7/64 HPs)
             Began as a Tengu Hunter on May 7, 2016.
             Was a Believer of Trog.
             Killed from afar by Erica (28 damage)
             ... with a bolt of poison
             ... on level 8 of the Dungeon.
             The game lasted 00:19:44 (6974 turns).

tsouns the Basher (Tengu Hunter)                    Turns: 6974, Time: 00:19:44

Health: -7/64      AC: 18    Str: 16    XL:     10   Next: 28%
Magic:  11/11      EV:  6    Int: 12    God:    Trog [**....]
Gold:   472        SH:  0    Dex: 14    Spells: 0 memorised, 9 levels left

rFire  . . .     SeeInvis .     y - +2 whip (venom)
rCold  . . .     Gourm    .     q - +2 plate armour {rN+}
rNeg   + . .     Faith    .     (no shield)
rPois  .         Spirit   .     (helmet restricted)
rElec  .         Dismiss  .     g - +2 cloak
rCorr  +         Reflect  .     (no gloves)
SustAt +         Harm     .     (boots unavailable)
MR     .....                    (no amulet)
Stlth  ..........               z - ring of sustain attributes
                                e - ring of resist corrosion

@: confused, lethally poisoned (-7 -> -16), not resistant to hostile
enchantments, extremely unstealthy
A: beak, talons 3, able to fly 1
a: Fly, Berserk, Trog's Hand, Burn Spellbooks, Renounce Religion


You were on level 8 of the Dungeon.
You worshipped Trog.
Trog was pleased with you.
You were not hungry.

You visited 1 branch of the dungeon, and saw 8 of its levels.

You collected 472 gold pieces.

Inventory:

Hand Weapons
 a - a +0 short sword
 k - a +2 whip of electrocution
 o - a +2 flail of crushing
 y - a +2 whip of venom (weapon)
Missiles
 c - 6 javelins (quivered)
 d - 7 throwing nets
 m - 6 curare-tipped needles
 t - 29 poisoned needles
 w - 10 tomahawks
Armour
 g - a +2 cloak (worn)
 q - a +2 plate armour of positive energy (worn)
Jewellery
 e - a ring of resist corrosion (left hand)
 z - a ring of sustain attributes (right hand)
Wands
 j - a wand of paralysis (13/24)
 u - a wand of flame (25/48)
 x - a wand of slowing (41/48)
 E - a wand of polymorph (8/24)
Scrolls
 l - 2 scrolls of magic mapping
 n - 6 scrolls of remove curse
 C - a scroll of fear {unknown}
 D - a scroll of teleportation
Potions
 i - a potion of might
 r - a potion of curing {unknown}
 s - 4 potions of flight
 v - 2 potions of lignification
 A - 2 potions of mutation {unknown}
 B - a potion of ambrosia {unknown}
Comestibles
 b - a chunk of flesh
 f - 8 bread rations
 h - 6 meat rations
 p - 6 beef jerkies


   Skills:
 + Level 8.0 Fighting
 * Level 11.4 Maces & Flails
 - Level 4.0 Throwing
 + Level 6.5 Armour
 - Level 2.4 Dodging
 - Level 1.3 Stealth


You had 9 spell levels left.
You didn't know any spells.

Dungeon Overview and Level Annotations

Branches:
Dungeon (8/15)             Temple (0/1) D:6
   Lair: D:8-11

Altars:
Makhleb
Nemelex Xobeh
Trog
Zin
Beogh

Shops:
D:6 (

Annotations:
D:8 Erica


Innate Abilities, Weirdness & Mutations

You have a beak for a mouth.
You have claws for feet.
You can fly.


Message History

You are confused.
You bump into the rock wall.
Erica completely misses you.
You closely miss Erica. You claw Erica, but do no damage.
Erica is almost dead.
You miss Erica. You claw Erica, but do no damage.
Erica is almost dead.
Erica mumbles some strange words.
Erica flickers and vanishes!
Deactivating autopickup; reactivate with Ctrl-A.
You barely miss something. You claw something.
You bump into the rock wall.
You hear some strange, mumbled words.
An orb of energy appears from out of thin air!
The orb of energy hits you!
The orb of energy explodes!
You bump into the rock wall.
You hear some strange, mumbled words.
A bolt of poison appears from out of thin air!
The bolt of poison hits you!
You are poisoned.
You die...

#.# #....# #.#
#....# #)# #....#
#.# ########....
#.# #...........
##.#####.#########
#.........#
########..#
#.{@...# #.####.#
#. #.# #. #.# #.
#.# #. #.# #. #.#
#. #.# #.#


There were no monsters in sight!

Vanquished Creatures
  A hill giant (D:7)
  Prince Ribbit (D:7)
  The ghost of simples the Spear-Bearer, an amateur MfBe of Trog (D:4)
  Grinder (D:4)
  Menkaure (D:4)
  Duvessa (D:4)
  An orc warrior (D:6)
  3 ice beasts
  A sky beast (D:7)
  6 ogres
  A phantom (D:7)
  2 centaurs
  A big kobold (D:5)
  A giant frog (D:6)
  Dowan (D:4)
  2 scorpions
  2 howler monkeys
  A crimson imp (D:5)
  A wasp zombie (D:6)
  A giant frog zombie (D:6)
  3 hounds
  7 orc priests
  A jelly (D:7)
  A gnoll shaman (D:4)
  3 orc wizards (D:5)
  3 giant frog skeletons
  Ijyb (D:2)
  2 iguanas
  Natasha (thrice) (D:2)
  5 worker ants
  A hound zombie (D:7)
  A hound skeleton (D:7)
  A worker ant zombie (D:5)
  2 howler monkey skeletons
  12 gnolls
  7 adders
  2 shadow imps
  An adder zombie (D:5)
  An adder skeleton (D:4)
  2 worms
  4 dart slugs
  11 giant geckos
  20 orcs
  7 bats
  3 giant cockroaches
  4 hobgoblins
  10 kobolds
  3 quokkas
  6 ball pythons
  3 giant gecko zombies
  8 giant newts
  12 goblins
  A jackal zombie (D:5)
  2 quokka skeletons
  6 rats
189 creatures vanquished.

Vanquished Creatures (others)
  A hound (D:6)
1 creature vanquished.

Grand Total: 190 creatures vanquished

Notes
Turn   | Place    | Note
--------------------------------------------------------------
     0 | D:1      | tsouns the Tengu Hunter began the quest for the Orb.
     0 | D:1      | Reached XP level 1. HP: 12/12 MP: 2/2
   136 | D:1      | Reached XP level 2. HP: 13/17 MP: 3/3
   338 | D:1      | Reached skill level 1 in Maces & Flails
   651 | D:2      | Reached XP level 3. HP: 20/22 MP: 4/4
   676 | D:2      | Noticed Ijyb
   685 | D:2      | Killed Ijyb
   685 | D:2      | Reached skill level 2 in Maces & Flails
   685 | D:2      | Reached XP level 4. HP: 27/27 MP: 5/5
   816 | D:2      | Noticed Natasha
   823 | D:2      | Killed Natasha
   823 | D:2      | Reached skill level 3 in Maces & Flails
   853 | D:2      | Noticed Natasha
   860 | D:2      | Killed Natasha
   911 | D:2      | Gained mutation: You can fly. [Tengu growth]
   911 | D:2      | Reached XP level 5. HP: 25/32 MP: 6/6
  1063 | D:2      | Noticed Natasha
  1069 | D:2      | Killed Natasha
  1069 | D:2      | Reached skill level 4 in Maces & Flails
  1339 | D:3      | Noticed an ogre
  1343 | D:3      | Killed an ogre
  1343 | D:3      | Reached skill level 5 in Maces & Flails
  1343 | D:3      | Reached XP level 6. HP: 33/38 MP: 7/7
  1443 | D:3      | Found a roughly hewn altar of Beogh.
  2107 | D:4      | Noticed Menkaure
  2126 | D:4      | Killed Menkaure
  2126 | D:4      | Reached skill level 6 in Maces & Flails
  2126 | D:4      | Reached XP level 7. HP: 4/44 MP: 5/8
  2795 | D:4      | Noticed Grinder
  2813 | D:4      | Killed Grinder
  2813 | D:4      | Reached skill level 5 in Fighting
  2813 | D:4      | Reached skill level 7 in Maces & Flails
  3103 | D:4      | Noticed Duvessa
  3103 | D:4      | Noticed Dowan
  3120 | D:4      | Killed Duvessa
  3120 | D:4      | Reached skill level 1 in Armour
  3120 | D:4      | Reached XP level 8. HP: 32/49 MP: 6/9
  3123 | D:4      | Killed Dowan
  3132 | D:4      | Noticed simples's ghost (amateur MfBe)
  3359 | D:4      | Killed simples's ghost
  3359 | D:4      | Reached skill level 8 in Maces & Flails
  3788 | D:5      | Entered Level 5 of the Dungeon
  3891 | D:5      | Found a glowing silver altar of Zin.
  4026 | D:5      | Found a burning altar of Makhleb.
  4026 | D:5      | Found a sparkling altar of Nemelex Xobeh.
  4220 | D:5      | Found a bloodstained altar of Trog.
  4236 | D:5      | Became a worshipper of Trog the Wrathful
  4306 | D:5      | Reached skill level 9 in Maces & Flails
  4335 | D:5      | HP: 2/51 [poisoned by a scorpion]
  4343 | D:5      | HP: 2/51 [poisoned by a scorpion]
  4644 | D:5      | Reached XP level 9. HP: 55/55 MP: 10/10
  4944 | D:6      | Found Yrro's Weapon Shoppe.
  5101 | D:6      | Found a staircase to the Ecumenical Temple.
  5380 | D:6      | Reached skill level 5 in Armour
  5410 | D:6      | Reached * piety under Trog
  5480 | D:6      | Reached skill level 10 in Maces & Flails
  6193 | D:7      | Noticed Prince Ribbit
  6208 | D:7      | Killed Prince Ribbit
  6272 | D:7      | Noticed a hill giant
  6283 | D:7      | Killed a hill giant
  6283 | D:7      | Reached skill level 11 in Maces & Flails
  6283 | D:7      | Reached XP level 10. HP: 54/64 MP: 11/11
  6819 | D:8      | Reached ** piety under Trog
  6950 | D:8      | Noticed Erica
  6974 | D:8      | Killed from afar by Erica

Skill      XL: |  1  2  3  4  5  6  7  8  9 10 |
---------------+-------------------------------+-----
Maces & Flails | 1 2 3 5 6 7 9 11 | 11.4
Fighting       | 3 4 5 6 7 8 |  8.0
Armour         | 1 4 6 |  6.5
Throwing       | |  4.0
Dodging        | |  2.4
Stealth        | |  1.3

Action                   |  1- 3 |  4- 6 |  7- 9 | 10-12 || total
-------------------------+-------+-------+-------+-------++-------
Melee: Short sword       |    18 |       |       |       ||    18
       Whip              |    47 |   155 |   281 |    90 ||   573
       Kick              |    18 |    31 |    98 |    25 ||   172
       Peck              |    11 |    16 |    57 |    15 ||    99
       Flail             |       |       |    58 |       ||    58
Throw: Javelin           |     5 |       |       |       ||     5
 Abil: Fly               |       |     2 |     2 |       ||     4
Evoke: Wand              |       |       |     7 |       ||     7
  Use: Scroll            |       |     7 |     7 |     2 ||    16
       Potion            |       |     2 |     3 |       ||     5
  Eat: Chunk             |       |     4 |     4 |     6 ||    14
       Meat ration       |       |       |     2 |       ||     2
       Beef jerky        |       |       |     1 |       ||     1
Armor: Chain mail        |    36 |    50 |    65 |       ||   151
       Leather armour    |     3 |       |       |       ||     3
       Plate armour      |       |       |    59 |    41 ||   100
Dodge: Dodged            |    21 |    49 |    88 |    13 ||   171
